SL
ST. LOUIS COEUR @ SAN MATEO DIRTY REDS
07/03/2041
 
TOP OF THE 1ST
St. Louis Coeur batting - Pitching for San Mateo Dirty Reds : RHP Ratko Davidovic
Pitching: RHP Ratko Davidovic
Batting: RHB Guillermo Coss 0-0: Ball
1-0: SINGLE (Groundball, 6MD, EV 96.9 MPH)
Batting: RHB Jaime Soto 0-0: DOUBLE (Flyball, 89XD, EV 90.6 MPH)
Guillermo Coss to third
Batting: LHB Qing-nian Zexian 0-0: Ball
1-0: Called Strike
1-1: Swinging Strike
1-2: Foul Ball, location: 2F
1-2: SINGLE (Groundball, 34D, EV 100.6 MPH)
Guillermo Coss scores
Jaime Soto to third
Batting: RHB Nobuhisa Murakami 0-0: Ball
1-0: Called Strike
1-1: Called Strike
1-2: Ball
2-2: Fielders Choice at 2nd, 5-4 (Groundball, 56, EV 103.8 MPH)
Jaime Soto scores
Batting: RHB Joel Iyiegbuniwe 0-0: Called Strike
0-1: Ball
1-1: Called Strike
1-2: Fly out, F8 (Flyball, 8RM, EV 95.6 MPH)
Batting: RHB Joe Mueller 0-0: Ground out 4-3 (Groundball, 4MS, EV 70.0 MPH)
Top of the 1st over - 2 runs, 3 hits, 0 errors, 1 left on base; St. Louis 2 - San Mateo 0
BOTTOM OF THE 1ST
San Mateo Dirty Reds batting - Pitching for St. Louis Coeur : RHP David Moore
Pitching: RHP David Moore
Batting: LHB Richard Edwards 0-0: Ball
1-0: Foul Ball, location: 2F
1-1: Ground out U3 (Groundball, 34S, EV 83.8 MPH)
Batting: RHB Zahid Kashani 0-0: Ground out 6-3 (Groundball, 6, EV 88.1 MPH)
Batting: LHB Tom Burton 0-0: Called Strike
0-1: Ball
1-1: Ball
2-1: Ball
3-1: Ground out 1-3 (Groundball, 15S, EV 75.0 MPH)
Bottom of the 1st over - 0 runs, 0 hits, 0 errors, 0 left on base; St. Louis 2 - San Mateo 0
TOP OF THE 2ND
St. Louis Coeur batting - Pitching for San Mateo Dirty Reds : RHP Ratko Davidovic
Batting: LHB Harry Cornelis 0-0: Ball
1-0: Called Strike
1-1: Called Strike
1-2: Foul Ball, location: 2F
1-2: Ball
2-2: Fly out, F3 (Popup, 3, EV 73.8 MPH)
Batting: RHB Ik-jun Cho 0-0: Ball
1-0: Called Strike
1-1: Fly out, F8 (Flyball, 8RXD, EV 85.6 MPH)
Batting: RHB Jack Bonner 0-0: Ground out 6-3 (Groundball, 6, EV 83.1 MPH)
Top of the 2nd over - 0 runs, 0 hits, 0 errors, 0 left on base; St. Louis 2 - San Mateo 0
BOTTOM OF THE 2ND
San Mateo Dirty Reds batting - Pitching for St. Louis Coeur : RHP David Moore
Batting: LHB Palaie Gaoteote 0-0: Ball
1-0: Fly out, F8 (Line Drive, 8LM, EV 95.6 MPH)
Batting: RHB Kawenaula Alohalani 0-0: Fly out, F2 (Popup, 23F, EV 86.2 MPH)
Batting: RHB Jesús Gómez 0-0: Swinging Strike
0-1: Foul Ball, location: 2F
0-2: Fly out, F8 (Flyball, 8RD, EV 93.1 MPH)
Bottom of the 2nd over - 0 runs, 0 hits, 0 errors, 0 left on base; St. Louis 2 - San Mateo 0
TOP OF THE 3RD
St. Louis Coeur batting - Pitching for San Mateo Dirty Reds : RHP Ratko Davidovic
Batting: RHB Guillermo Coss 0-0: Called Strike
0-1: Ground out 5-3 (Groundball, 56, EV 86.2 MPH)
Batting: RHB Jaime Soto 0-0: Foul Ball, location: 2F
0-1: Ball
1-1: Ball
2-1: Ball
3-1: Fly out, F4 (Popup, 4S, EV 80.0 MPH)
Batting: LHB Qing-nian Zexian 0-0: Ball
1-0: Fly out, F2 (Popup, 2RF, EV 90.0 MPH)
Top of the 3rd over - 0 runs, 0 hits, 0 errors, 0 left on base; St. Louis 2 - San Mateo 0
BOTTOM OF THE 3RD
San Mateo Dirty Reds batting - Pitching for St. Louis Coeur : RHP David Moore
Batting: RHB Kyu-cheol Kye 0-0: Called Strike
0-1: Called Strike
0-2: Fly out, F4 (Popup, 4S, EV 70.6 MPH)
Batting: LHB Quitério Ruah 0-0: Foul Ball, location: 2F
0-1: Foul Ball, location: 2F
0-2: Ball
1-2: SINGLE (Flyball, 89S, EV 90.0 MPH)
Batting: RHB Ambrose Watkins 0-0: Ground out 3-1 (Groundball, 34, EV 103.1 MPH)
Quitério Ruah to second
Batting: LHB Richard Edwards 0-0: Ball
1-0: Foul Ball, location: 2F
1-1: Ball
2-1: Foul Ball, location: 2F
2-2: Strikes out swinging
Bottom of the 3rd over - 0 runs, 1 hit, 0 errors, 1 left on base; St. Louis 2 - San Mateo 0
TOP OF THE 4TH
St. Louis Coeur batting - Pitching for San Mateo Dirty Reds : RHP Ratko Davidovic
Batting: RHB Nobuhisa Murakami 0-0: Called Strike
0-1: Fly out, F8 (Flyball, 8RM, EV 88.8 MPH)
Batting: RHB Joel Iyiegbuniwe 0-0: Ball
1-0: Ball
2-0: Ball
3-0: Called Strike
3-1: Base on Balls
Batting: RHB Joe Mueller 0-0: Ball
1-0: Called Strike
1-1: Ball
2-1: SINGLE (Line Drive, 3D, EV 99.4 MPH)
Joel Iyiegbuniwe to second
Runner from 2nd tries for 3rd, SAFE, throw by RF made to third
Batting: LHB Harry Cornelis 0-0: Foul Ball, location: 2F
0-1: Ball
1-1: Ball
2-1: Ball
3-1: Swinging Strike
3-2: SINGLE (Line Drive, 4MD, EV 94.4 MPH)
Joel Iyiegbuniwe scores
Joe Mueller to second
Joe Mueller to third
Batting: RHB Ik-jun Cho 0-0: Called Strike
0-1: Foul Ball, location: 2F
0-2: Ball
1-2: Foul Ball, location: 2F
1-2: Ball
2-2: Strikes out swinging
Batting: RHB Jack Bonner 0-0: Ball
1-0: Foul Ball, location: 2F
1-1: SINGLE (Groundball, 56D, EV 111.2 MPH)
Joe Mueller scores
Harry Cornelis to second
Batting: RHB Guillermo Coss 0-0: Ball
1-0: Foul Ball, location: 2F
1-1: Ground out 1-3 (Groundball, 34S, EV 86.9 MPH)
Top of the 4th over - 2 runs, 3 hits, 0 errors, 2 left on base; St. Louis 4 - San Mateo 0
BOTTOM OF THE 4TH
San Mateo Dirty Reds batting - Pitching for St. Louis Coeur : RHP David Moore
Batting: RHB Zahid Kashani 0-0: Swinging Strike
0-1: Swinging Strike
0-2: Strikes out looking
Batting: LHB Tom Burton 0-0: Ball
1-0: Called Strike
1-1: Ball
2-1: Ground out 5-3 (Groundball, 56, EV 99.4 MPH)
Batting: LHB Palaie Gaoteote 0-0: Ball
1-0: Ground out 6-3 (Groundball, 6M, EV 85.0 MPH)
Bottom of the 4th over - 0 runs, 0 hits, 0 errors, 0 left on base; St. Louis 4 - San Mateo 0
TOP OF THE 5TH
St. Louis Coeur batting - Pitching for San Mateo Dirty Reds : RHP Ratko Davidovic
Batting: RHB Jaime Soto 0-0: Ball
1-0: Swinging Strike
1-1: Called Strike
1-2: Fly out, F9 (Line Drive, 9D, EV 104.4 MPH)
Batting: LHB Qing-nian Zexian 0-0: Ball
1-0: Ball
2-0: Foul Ball, location: 2F
2-1: Swinging Strike
2-2: Foul Ball, location: 2F
2-2: SOLO HOME RUN (Flyball, 8LXD, EV 107.5 MPH), Distance : 443 ft
Batting: RHB Nobuhisa Murakami 0-0: Ball
1-0: Foul Ball, location: 2F
1-1: DOUBLE (Line Drive, 9LS, EV 107.5 MPH)
Pitching: LHP Faisal bin Nabeel
Batting: RHB Joel Iyiegbuniwe 0-0: Called Strike
0-1: Ball
1-1: Ball
2-1: Fly out, F8 (Line Drive, 8RM, EV 98.8 MPH)
Batting: RHB Joe Mueller 0-0: Ground out 6-3 (Groundball, 6M, EV 108.8 MPH)
Top of the 5th over - 1 run, 2 hits, 0 errors, 1 left on base; St. Louis 5 - San Mateo 0
BOTTOM OF THE 5TH
San Mateo Dirty Reds batting - Pitching for St. Louis Coeur : RHP David Moore
Batting: RHB Kawenaula Alohalani 0-0: Called Strike
0-1: Ball
1-1: Called Strike
1-2: Foul Ball, location: 2F
1-2: Foul Ball, location: 2F
1-2: SINGLE (Groundball, 56D, EV 101.9 MPH)
Batting: RHB Jesús Gómez 0-0: Ball
1-0: Swinging Strike
1-1: Foul Ball, location: 2F
1-2: Ball
2-2: Strikes out swinging
Batting: RHB Kyu-cheol Kye 0-0: Foul Ball, location: 2F
0-1: Ball
1-1: Swinging Strike
1-2: Strikes out swinging
Batting: LHB Quitério Ruah 0-0: Swinging Strike
0-1: Ball
1-1: Ball
2-1: Foul Ball, location: 2F
2-2: Foul Ball, location: 2F
2-2: Ball
3-2: Fly out, F8 (Flyball, 8RD, EV 102.5 MPH)
Bottom of the 5th over - 0 runs, 1 hit, 0 errors, 1 left on base; St. Louis 5 - San Mateo 0
TOP OF THE 6TH
St. Louis Coeur batting - Pitching for San Mateo Dirty Reds : LHP Faisal bin Nabeel
Batting: LHB Harry Cornelis 0-0: Ball
1-0: Called Strike
1-1: Hit by Pitch
Batting: RHB Ik-jun Cho 0-0: Ball
1-0: Ball
2-0: Fly out, F4 (Popup, 34, EV 75.0 MPH)
Batting: RHB Jack Bonner 0-0: Ball
1-0: Ball
2-0: Swinging Strike
2-1: Foul Ball, location: 2F
2-2: Ball
3-2: Grounds into double play, 6-4-3 (Groundball, 6, EV 101.9 MPH)
Top of the 6th over - 0 runs, 0 hits, 0 errors, 0 left on base; St. Louis 5 - San Mateo 0
BOTTOM OF THE 6TH
San Mateo Dirty Reds batting - Pitching for St. Louis Coeur : RHP David Moore
Batting: RHB Ambrose Watkins 0-0: Ground out 6-3 (Groundball, 6, EV 98.1 MPH)
Batting: LHB Richard Edwards 0-0: Foul Ball, location: 2F
0-1: Ball
1-1: Foul Ball, location: 2F
1-2: Ball
2-2: Ground out 4-3 (Groundball, 4, EV 106.2 MPH)
Batting: RHB Zahid Kashani 0-0: Called Strike
0-1: Called Strike
0-2: Strikes out swinging
Bottom of the 6th over - 0 runs, 0 hits, 0 errors, 0 left on base; St. Louis 5 - San Mateo 0
TOP OF THE 7TH
St. Louis Coeur batting - Pitching for San Mateo Dirty Reds : LHP Faisal bin Nabeel
Batting: RHB Guillermo Coss 0-0: Ball
1-0: Ground out 5-3 (Groundball, 56S, EV 84.4 MPH)
Batting: RHB Jaime Soto 0-0: Foul Ball, location: 2F
0-1: Ball
1-1: Ball
2-1: Fly out, F4 (Popup, 4MD, EV 55.6 MPH)
Batting: LHB Qing-nian Zexian 0-0: Ball
1-0: Ball
2-0: Called Strike
2-1: Called Strike
2-2: Strikes out looking
Top of the 7th over - 0 runs, 0 hits, 0 errors, 0 left on base; St. Louis 5 - San Mateo 0
BOTTOM OF THE 7TH
San Mateo Dirty Reds batting - Pitching for St. Louis Coeur : RHP David Moore
Batting: LHB Tom Burton 0-0: Ball
1-0: SINGLE (Line Drive, 9LS, EV 95.0 MPH)
Batting: LHB Palaie Gaoteote 0-0: Ball
1-0: Ball
2-0: Fly out, F7 (Flyball, 7D, EV 106.2 MPH)
Batting: RHB Kawenaula Alohalani 0-0: Called Strike
0-1: Ball
1-1: Hit by Pitch
Tom Burton to second
Batting: RHB Jesús Gómez 0-0: Fly out, F8 (Line Drive, 8LM, EV 93.8 MPH)
Batting: RHB Kyu-cheol Kye 0-0: Called Strike
0-1: Called Strike
0-2: Ball
1-2: Strikes out swinging
Bottom of the 7th over - 0 runs, 1 hit, 0 errors, 2 left on base; St. Louis 5 - San Mateo 0
TOP OF THE 8TH
St. Louis Coeur batting - Pitching for San Mateo Dirty Reds : LHP Faisal bin Nabeel
Batting: RHB Nobuhisa Murakami 0-0: Ball
1-0: Called Strike
1-1: SINGLE (Groundball, 25, EV 74.4 MPH) (infield hit)
Pitching: RHP Juan Moreno
Batting: RHB Joel Iyiegbuniwe 0-0: Fielders Choice at 2nd, 2-4 (Groundball, 15S, EV 68.8 MPH)
Batting: RHB Joe Mueller 0-0: Ball
1-0: Grounds into double play, 4-6-3 (Groundball, 34, EV 86.2 MPH)
Top of the 8th over - 0 runs, 1 hit, 0 errors, 0 left on base; St. Louis 5 - San Mateo 0
BOTTOM OF THE 8TH
San Mateo Dirty Reds batting - Pitching for St. Louis Coeur : RHP David Moore
Batting: LHB Quitério Ruah 0-0: SOLO HOME RUN (Flyball, 9LD, EV 90.6 MPH), Distance : 339 ft
Batting: RHB Ambrose Watkins 0-0: Ball
1-0: Foul Ball, location: 2F
1-1: SINGLE (Groundball, 6D, EV 94.4 MPH)
Batting: LHB Richard Edwards 0-0: Ball
1-0: Foul Ball, location: 2F
1-1: Ball
2-1: Ball
3-1: Base on Balls
Ambrose Watkins to second
Pitching: LHP Denie Ulderink
Batting: RHB Zahid Kashani 0-0: Called Strike
0-1: Called Strike
0-2: Ball
1-2: Hit by Pitch
Ambrose Watkins to third
Richard Edwards to second
Batting: LHB Tom Burton 0-0: Ball
1-0: Foul Ball, location: 2F
1-1: Swinging Strike
1-2: Ball
2-2: Ball
3-2: Strikes out swinging
Batting: LHB Palaie Gaoteote 0-0: Ball
1-0: SINGLE (Groundball, 4MD, EV 104.4 MPH)
Ambrose Watkins scores
Richard Edwards to third
Zahid Kashani to second
Runner from 3rd tries for Home, SAFE, no throw by CF
Batting: RHB Kawenaula Alohalani 0-0: Ball
1-0: Ball
2-0: Called Strike
2-1: Ball
3-1: Fly out, F8 (Flyball, 8LS, EV 83.8 MPH)
Batting: RHB Jesús Gómez 0-0: Called Strike
0-1: Ball
1-1: Swinging Strike
1-2: Strikes out swinging
Bottom of the 8th over - 3 runs, 3 hits, 0 errors, 2 left on base; St. Louis 5 - San Mateo 3
TOP OF THE 9TH
St. Louis Coeur batting - Pitching for San Mateo Dirty Reds : RHP Juan Moreno
Pitching: LHP Urs Ehles
Batting: LHB Harry Cornelis 0-0: Ball
1-0: Foul Ball, location: 2F
1-1: Ball
2-1: Swinging Strike
2-2: Strikes out swinging
Batting: RHB Ik-jun Cho 0-0: Ball
1-0: Called Strike
1-1: Called Strike
1-2: Ball
2-2: Fly out, F9 (Flyball, 9S, EV 87.5 MPH)
Batting: RHB Jack Bonner 0-0: Ball
1-0: Foul Ball, location: 2F
1-1: Foul Ball, location: 2F
1-2: Ball
2-2: Fly out, F3 (Popup, 3, EV 75.6 MPH)
Top of the 9th over - 0 runs, 0 hits, 0 errors, 0 left on base; St. Louis 5 - San Mateo 3
BOTTOM OF THE 9TH
San Mateo Dirty Reds batting - Pitching for St. Louis Coeur : LHP Denie Ulderink
Batting: RHB Kyu-cheol Kye 0-0: Ball
1-0: Foul Ball, location: 2F
1-1: Ball
2-1: Foul Ball, location: 2F
2-2: Ball
3-2: SOLO HOME RUN (Flyball, 78XD, EV 100.6 MPH), Distance : 386 ft
Pitching: LHP James Callendar
Batting: LHB Quitério Ruah 0-0: Called Strike
0-1: Swinging Strike
0-2: Strikes out swinging
Batting: RHB Ambrose Watkins 0-0: Ball
1-0: Foul Ball, location: 2F
1-1: Swinging Strike
1-2: Foul Ball, location: 2F
1-2: Strikes out looking
Pinch Hitting: RHB Yaakov Shmerkin 0-0: Ball
1-0: Ball
2-0: Ball
3-0: Called Strike
3-1: Swinging Strike
3-2: Base on Balls
Batting: RHB Zahid Kashani 0-0: Ball
1-0: Called Strike
1-1: Ball
2-1: SINGLE (Line Drive, 7LS, EV 110.0 MPH)
Yaakov Shmerkin to second
Pinch Hitting: RHB Eddie Neef 0-0: Called Strike
0-1: Swinging Strike
0-2: Ball
1-2: Strikes out swinging
Bottom of the 9th over - 1 run, 2 hits, 0 errors, 2 left on base; St. Louis 5 - San Mateo 4
Tuesday, January 5th, 2021 - OOTP Baseball 20.8 Build 74